 Dungeon Crawl Stone Soup version 0.22-a0-422-g9628fc87f1 (webtiles) character file.

2919 Kriby the Chopper (level 9, -2/70 (71) HPs)
             Began as a Gnoll Wanderer on May 20, 2018.
             Was a Follower of Makhleb.
             Succumbed to an orc warrior's poison
             ... on level 7 of the Dungeon.
             The game lasted 00:13:40 (9632 turns).

Kriby the Chopper (Gnoll Wanderer)                  Turns: 9632, Time: 00:13:41

HP:   -2/70 (71)    AC: 16    Str: 14    XL:     9   Next: 79%
MP:   9/26          EV:  6    Int: 17    God:    Makhleb [*.....]
Gold: 380           SH:  0    Dex: 16    Spells: 17/18 levels left

rFire    . . .     SeeInvis .   p - +1 morningstar
rCold    . . .     Gourm    .   (no shield)
rNeg     . . .     Faith    .   u - +0 plate armour
rPois    .         Spirit   +   c - +2 hat
rElec    .         Reflect  .   w - +1 cloak
rCorr    .         Harm     .   (no gloves)
MR       .....                  (no boots)
Stlth    ..........             d - amulet of guardian spirit
HPRegen  0.21/turn              (no ring)
MPRegen  0.20/turn              q - ring of magical power

@: lethally poisoned (-2 -> -82)
A: distributed training, fangs 1, strong nose
a: Renounce Religion


You were on level 7 of the Dungeon.
You worshipped Makhleb.
Makhleb was aware of your devotion.
You were not hungry.

You visited 2 branches of the dungeon, and saw 8 of its levels.

You collected 380 gold pieces.

Inventory:

Hand Weapons
 a - a +2 hand axe
 b - a +0 mace
 p - a +1 morningstar (weapon)
Missiles
 h - 4 poisoned javelins
 A - a throwing net (quivered)
Armour
 c - a +2 hat (worn)
 u - a +0 plate armour (worn)
 w - a +1 cloak (worn)
 x - a cursed -1 helmet
 D - the cursed +0 robe of the Orcish Mines {rElec rF+ rN+ Str-4, unknown}
   (You found it on level 6 of the Dungeon)

   It affects your strength (-4).
   It protects you from fire.
   It insulates you from electricity.
   It protects you from negative energy.
   It has a curse placed upon it.
Magical Staves
 z - an uncursed staff of wizardry {unknown}
Jewellery
 d - an amulet of guardian spirit (around neck)
 j - an uncursed ring of fire
 q - a ring of magical power (right hand)
 y - a cursed amulet of inaccuracy
Wands
 o - a wand of random effects (21)
Scrolls
 i - a scroll of immolation
 l - 3 scrolls of remove curse {@r2}
 s - 2 scrolls of magic mapping
 t - 4 scrolls of enchant weapon
Potions
 e - 3 potions of degeneration
 C - a potion of cancellation
Comestibles
 f - 10 rations {@e1}


   Skills:
 + Level 6.5 Fighting
 + Level 4.5 Short Blades
 + Level 4.5 Long Blades
 + Level 6.5 Axes
 + Level 4.5 Maces & Flails
 + Level 4.5 Polearms
 + Level 4.5 Staves
 + Level 4.5 Slings
 + Level 4.5 Bows
 + Level 4.5 Crossbows
 + Level 4.5 Throwing
 + Level 5.2 Armour
 + Level 4.5 Dodging
 + Level 4.5 Stealth
 + Level 5.2 Shields
 + Level 4.5 Unarmed Combat
 + Level 5.4 Spellcasting
 + Level 3.7 Conjurations
 + Level 3.7 Hexes
 + Level 3.7 Charms
 + Level 3.7 Summonings
 + Level 3.7 Necromancy
 + Level 3.7 Translocations
 + Level 3.7 Transmutations
 + Level 3.7 Fire Magic
 + Level 3.7 Ice Magic
 + Level 3.7 Air Magic
 + Level 4.3 Earth Magic
 + Level 4.3 Poison Magic
 + Level 5.0 Invocations
 + Level 5.2 Evocations


You had 17 spell levels left.
You knew the following spells:

 Your Spells              Type           Power        Failure   Level  Hunger
a - Summon Small Mammal   Summ           ###.         94%         1    None

Your spell library contained the following spells:

 Spells                   Type           Power        Failure   Level  Hunger
 Summon Ice Beast         Ice/Summ       ###.....     100%        4    ####...
 Call Imp                 Summ           ###.....     98%         2    #......
 Call Canine Familiar     Summ           ###.....     100%        3    ##.....
 Summon Lightning Spire   Summ/Air       ###.....     100%        4    ####...
 Summon Guardian Golem    Hex/Summ       ###.....     100%        3    ##.....


Dungeon Overview and Level Annotations

Branches:
Dungeon (7/15)             Temple (1/1) D:6

Altars:
Ashenzari
Dithmenos
Elyvilon
Fedhas
Gozag
Hepliaklqana
Kikubaaqudgha
Makhleb
Nemelex Xobeh
Okawaru
Qazlal
Ru
Sif Muna
Trog
Uskayaw
Vehumet
Wu Jian
Xom
Yredelemnul
Zin


Innate Abilities, Weirdness & Mutations

Your experience applies equally to all skills.
You have very sharp teeth.
Your uncanny sense of smell can sniff out nearby items.


Message History

The orc hits you but does no damage. The orc warrior completely misses you.
Your plate armour prevents you from hitting the orc warrior.
The orc warrior is heavily wounded.
* * * LOW HITPOINT WARNING * * *
You feel very sick. The orc hits you but does no damage.
The orc warrior hits you but does no damage.
You are more poisoned.
Your plate armour prevents you from hitting the orc warrior.
You bite the orc warrior, but do no damage.
The orc warrior is heavily wounded.
* * * LOW HITPOINT WARNING * * *
You feel extremely sick.
The orc hits you from afar with a trident.
* * * LOW HITPOINT WARNING * * *
The orc warrior hits you with a short sword of venom!
* * * LOW HITPOINT WARNING * * *
You are more poisoned.
You feel magically purged.
You die...

#.....#.# # ##.##...#
### ###..###..####...
..# #...## ##........
#.###.######..####...
#.##..#.((.(.(###
#.#..##.[..[....#
.....##.......#$########
.###.##.......#.@o{....#
.# #..############o..###
.# ##.## #.........###
.# #.)###.........# .#
##.............# .#
#####.........# .#
#.........# .#
#.........# .#
#.........#


You could see an orc warrior and an orc.

Vanquished Creatures
  Grinder (D:5)
  Sigmund (D:5)
  Duvessa (D:6)
  A water moccasin (D:5)
  2 orc warriors
  2 sky beasts
  A hornet zombie (D:7)
  2 necrophages (D:6)
  An ogre (D:7)
  A phantom (D:7)
  2 centaurs (D:6)
  4 bullfrogs
  Dowan (D:6)
  2 scorpions
  2 howler monkeys
  A crimson imp (D:6)
  A centaur skeleton (D:6)
  2 jellies
  Crazy Yiuf (D:6)
  2 hounds
  2 orc priests (D:7)
  A gnoll shaman (D:6)
  An orc wizard (D:6)
  3 bullfrog skeletons
  8 worker ants
  A hound zombie (D:7)
  A worker ant zombie (D:5)
  Robin (D:4)
  5 gnolls (D:6)
  6 adders
  4 river rats (D:4)
  2 shadow imps (D:7)
  An ooze (D:1)
  2 worms
  3 dart slugs
  6 leopard geckos
  13 orcs
  6 giant cockroaches
  18 goblins
  11 hobgoblins
  14 jackals
  5 kobolds
  4 quokkas
  3 ball pythons
  A ball python skeleton (D:4)
  6 bats
  4 frilled lizards
  A giant cockroach zombie (D:6)
  A leopard gecko skeleton (D:5)
  A quokka skeleton (D:4)
  A quokka zombie (D:6)
  23 rats
190 creatures vanquished.

Notes
Turn   | Place    | Note
-------+----------+-------------------------------------------
     0 | D:1      | Kriby the Gnoll Wanderer began the quest for the Orb.
     0 | D:1      | Kriby set off with: a +2 hand axe, a +0 mace, a potion of lignification, a +0 robe, a ration {@e1}
     0 | D:1      | Reached XP level 1. HP: 20/20 MP: 4/4
   232 | D:1      | Reached XP level 2. HP: 19/26 MP: 5/5
   586 | D:1      | Reached XP level 3. HP: 31/31 MP: 7/7
  1328 | D:2      | Reached skill level 1 in Invocations
  1519 | D:2      | Reached skill level 1 in Short Blades
  1519 | D:2      | Reached skill level 1 in Long Blades
  1519 | D:2      | Reached skill level 1 in Maces & Flails
  1519 | D:2      | Reached skill level 1 in Polearms
  1519 | D:2      | Reached skill level 1 in Staves
  1519 | D:2      | Reached skill level 1 in Slings
  1519 | D:2      | Reached skill level 1 in Bows
  1519 | D:2      | Reached skill level 1 in Crossbows
  1519 | D:2      | Reached skill level 1 in Throwing
  1519 | D:2      | Reached skill level 1 in Dodging
  1519 | D:2      | Reached skill level 1 in Stealth
  1519 | D:2      | Reached skill level 1 in Unarmed Combat
  1519 | D:2      | Reached XP level 4. HP: 36/38 MP: 8/8
  3077 | D:3      | Found an ancient bone altar of Kikubaaqudgha.
  3088 | D:3      | Reached skill level 1 in Conjurations
  3088 | D:3      | Reached skill level 1 in Hexes
  3088 | D:3      | Reached skill level 1 in Charms
  3088 | D:3      | Reached skill level 1 in Summonings
  3088 | D:3      | Reached skill level 1 in Necromancy
  3088 | D:3      | Reached skill level 1 in Translocations
  3088 | D:3      | Reached skill level 1 in Transmutations
  3088 | D:3      | Reached skill level 1 in Fire Magic
  3088 | D:3      | Reached skill level 1 in Ice Magic
  3088 | D:3      | Reached skill level 1 in Air Magic
  3574 | D:3      | Reached XP level 5. HP: 41/43 MP: 9/9
  4319 | D:4      | Noticed Robin
  4326 | D:4      | Killed Robin
  4365 | D:4      | Reached XP level 6. HP: 43/50 MP: 11/11
  4643 | D:4      | Reached skill level 5 in Fighting
  4643 | D:4      | Reached skill level 5 in Axes
  4802 | D:5      | Entered Level 5 of the Dungeon
  4813 | D:5      | Noticed Sigmund
  4827 | D:5      | Killed Sigmund
  4827 | D:5      | Reached XP level 7. HP: 54/56 MP: 12/12
  5420 | D:5      | Found a bloodstained altar of Trog.
  5736 | D:5      | Noticed Grinder
  5969 | D:5      | Reached XP level 8. HP: 36/63 MP: 13/14
  6060 | D:5      | Killed Grinder
  6798 | D:6      | Noticed Duvessa
  6798 | D:6      | Noticed Dowan
  6807 | D:6      | Killed Duvessa
  6815 | D:6      | Killed Dowan
  7255 | D:6      | Reached XP level 9. HP: 69/69 MP: 16/16
  7267 | D:6      | Found a staircase to the Ecumenical Temple.
  7288 | Temple   | Entered the Ecumenical Temple
  7579 | Temple   | Became a worshipper of Makhleb the Destroyer
  8114 | D:6      | Found a runed door.
  8118 | D:6      | Noticed Crazy Yiuf
  8125 | D:6      | Killed Crazy Yiuf
  8255 | D:6      | Got a colourful robe
  8623 | D:7      | Reached skill level 5 in Spellcasting
  8714 | D:7      | Reached skill level 5 in Armour
  8714 | D:7      | Reached skill level 5 in Shields
  8714 | D:7      | Reached skill level 5 in Evocations
  8960 | D:7      | Reached * piety under Makhleb
  9514 | D:7      | Reached skill level 5 in Invocations
  9581 | D:7      | Learned a level 1 spell: Summon Small Mammal
  9632 | D:7      | Succumbed to an orc warrior's poison

Vault maps used:
D:1:      tarquinn_simple_flora_water_f, minmay_domino_4
D:3:      old_standard_altar, first_ration
D:4:      grunt_ministairs_10, dk_rats_in_the_wall, uniq_robin
D:5:      trog_book, uniq_grinder, uniq_sigmund
D:6:      minmay_temple_entry_statues_fountains, uniq_duvessa,
          uniq_crazy_yiuf_cottage
D:7:      lemuel_doored_altar, gammafunk_temple_overflow_statue
Temple:   dpeg_five_rooms_temple

Skill      XL: |  1  2  3  4  5  6  7  8  9 |
---------------+----------------------------+-----
Earth Magic    | 2 3 4 |  4.3
Poison Magic   | 2 3 4 |  4.3
Invocations    | 1 2 3 4 5 |  5.0
Short Blades   | 1 2 3 4 |  4.5
Long Blades    | 1 2 3 4 |  4.5
Maces & Flails | 1 2 3 4 |  4.5
Polearms       | 1 2 3 4 |  4.5
Staves         | 1 2 3 4 |  4.5
Slings         | 1 2 3 4 |  4.5
Bows           | 1 2 3 4 |  4.5
Crossbows      | 1 2 3 4 |  4.5
Throwing       | 1 2 3 4 |  4.5
Dodging        | 1 2 3 4 |  4.5
Stealth        | 1 2 3 4 |  4.5
Unarmed Combat | 1 2 3 4 |  4.5
Spellcasting   | 3 4 5 |  5.4
Conjurations   | 1 2 3 |  3.7
Hexes          | 1 2 3 |  3.7
Charms         | 1 2 3 |  3.7
Summonings     | 1 2 3 |  3.7
Necromancy     | 1 2 3 |  3.7
Translocations | 1 2 3 |  3.7
Transmutations | 1 2 3 |  3.7
Fire Magic     | 1 2 3 |  3.7
Ice Magic      | 1 2 3 |  3.7
Air Magic      | 1 2 3 |  3.7
Armour         | 3 4 5 |  5.2
Shields        | 3 4 5 |  5.2
Evocations     | 3 4 5 |  5.2
Fighting       | 5 6 |  6.5
Axes           | 5 6 |  6.5

Action                   |  1- 3 |  4- 6 |  7- 9 || total
-------------------------+-------+-------+-------++-------
Melee: Hand axe          |    87 |    78 |       ||   165
       Bite              |    12 |    23 |    52 ||    87
       Morningstar       |       |   183 |   469 ||   652
       Punch             |       |       |     5 ||     5
Throw: Javelin           |       |       |     1 ||     1
       Throwing net      |       |       |     1 ||     1
Evoke: Wand              |       |       |     6 ||     6
  Use: Potion            |       |     6 |     7 ||    13
       Scroll            |       |       |    14 ||    14
 Stab: Sleeping          |     5 |       |       ||     5
  Eat: Chunk             |     2 |    11 |    14 ||    27
       Ration            |       |       |     1 ||     1
Armor: Robe              |    11 |       |       ||    11
       Leather armour    |     6 |     6 |       ||    12
       Plate armour      |       |   171 |   393 ||   564
       Ring mail         |       |     3 |       ||     3
       Scale mail        |       |     3 |       ||     3
       Skin              |       |    25 |       ||    25
Dodge: Dodged            |    62 |    81 |   165 ||   308

Table legend:
 A = Spawn XP
 B = Non-spawn XP
 C = Spawn XP percentage of total XP
 D = Spawn monster count
 E = Non-spawn monster count
 F = Spawn count percentage of total count
 G = Total turns spent on level
                    A         B        C        D         E        F      G
               +---------+---------+-------+---------+---------+-------+---------
         Total |       0 |    4171 |   0.0 |       0 |     190 |   0.0 |  9632
               +---------+---------+-------+---------+---------+-------+---------
           D:1 |       0 |      55 |   0.0 |       0 |      25 |   0.0 |  1309
           D:2 |       0 |      59 |   0.0 |       0 |      26 |   0.0 |  1445
           D:3 |       0 |      58 |   0.0 |       0 |      18 |   0.0 |   973
           D:4 |       0 |     323 |   0.0 |       0 |      46 |   0.0 |  1234
           D:5 |       0 |    1052 |   0.0 |       0 |      20 |   0.0 |  1575
           D:6 |       0 |    1392 |   0.0 |       0 |      28 |   0.0 |  2030
           D:7 |       0 |    1232 |   0.0 |       0 |      27 |   0.0 |   739
               +---------+---------+-------+---------+---------+-------+---------
